cohdb
Replays
Latest Replays
All Replays
Popular Replays
Top Player Replays
Match Explorer
How It Works
Community
CoH3 Stats
Reddit
Sign in to upload your games and track your stats! →
Sign in with Steam
Match 41482847
Unlisted
Match 41482847
Overview
Messages
Build Orders
End
Royal Engineer Section
Construct Section Command Post
Selects Canadian Shock Battlegroup
Infantry Section
Infantry Section
ML 3-inch Mortar Team
Selects Attacking Spirit
Selects Canadian Shock Section
Construct Platoon Command Post
Selects Incendiary Munitions
Humber Armored Car
Grenade Package
Vickers Machine Gun Team
Canadian Shock Section
Construct Company Command Post
Infantry Training
Selects Pyrotechnics
6-pounder Anti-tank Gun Team
Vickers Machine Gun Team
Matilda II Heavy Tank
Crusader II Medium Tank
Royal Engineer Section
Selects Churchill Crocodile Heavy Tank
Selects Smoke Operation
Bootyquake
Waddn
0
0
Comments
sign in to comment!
No comments posted yet!